 Dungeon Crawl Stone Soup version 0.18-a0-1312-gf98331d (webtiles) character file.

3084 Lathuz the Grappler (level 9, 0/89 HPs)
             Began as a Troll Monk on Feb 14, 2016.
             Was a Follower of Ru.
             Slain by Maurice
             ... wielding a +1 vampiric dagger
              (8 damage)
             ... on level 8 of the Dungeon.
             The game lasted 00:15:12 (6561 turns).

Lathuz the Grappler (Troll Monk)                    Turns: 6561, Time: 00:15:12

Health: 0/89       AC:  2    Str: 21    XL:     9   Next: 58%
Magic:  8/8        EV: 13    Int:  6    God:    Ru [*.....]
Gold:   71         SH:  0    Dex: 15    Spells: 0 memorised, 8 levels left

rFire  . . .     SeeInvis .       - Unarmed
rCold  . . .     Gourm    +     a - +0 robe
rNeg   . . .     Faith    .     (no shield)
rPois  .         Spirit   .     (helmet restricted)
rElec  .         Dismiss  .     N - +0 cloak
rCorr  .         Reflect  .     (gloves unavailable)
SustAt .         Harm     .     (boots unavailable)
MR     +....                    (no amulet)
Stlth  ++........               y - ring of protection from magic
                                Q - +3 ring of slaying

@: corroded equipment, horrified, somewhat resistant to hostile enchantments,
unstealthy
A: unfitting armour, claws 3, fast metabolism 3, gourmand, regeneration 2,
shaggy fur 1, tough skin 2, cowardly
a: Renounce Religion


You were on level 8 of the Dungeon.
You worshipped Ru.
Ru was aware of your devotion.
You were completely stuffed.

You visited 2 branches of the dungeon, and saw 9 of its levels.

You collected 71 gold pieces.

Inventory:

Missiles
 m - 3 stones (quivered)
Armour
 a - a +0 robe (worn)
 N - a +0 cloak (worn)
Jewellery
 w - an uncursed ring of positive energy
 y - a ring of protection from magic (right claw)
 C - an uncursed ring of fire
 E - a +4 ring of strength
 Q - a +3 ring of slaying (left claw)
Wands
 A - a wand of lightning (12/15)
 K - a wand of flame (28/48)
 L - a wand of polymorph (10/24)
 P - a wand of flame (19/48)
Scrolls
 c - 3 scrolls of remove curse {unknown}
 d - 5 scrolls of recharging {unknown}
 e - 2 scrolls of noise {unknown}
 g - 4 scrolls of identify
 l - 3 scrolls of immolation {unknown}
 n - 2 scrolls of magic mapping {unknown}
 s - 2 scrolls of fog {unknown}
 x - 2 scrolls of teleportation {unknown}
 I - 2 scrolls of enchant weapon {unknown}
 J - a scroll of fear {unknown}
 M - a scroll of random uselessness {unknown}
Potions
 h - a potion of agility {unknown}
 i - 4 potions of heal wounds
 j - 2 potions of might {unknown}
 k - 2 potions of degeneration {unknown}
 o - 2 potions of ambrosia {unknown}
 p - 2 potions of berserk rage {unknown}
 q - a potion of resistance {unknown}
 t - a potion of cancellation {unknown}
 u - a potion of lignification {unknown}
 v - a potion of flight {unknown}
 z - a potion of curing {unknown}
 B - a potion of mutation {unknown}
 H - a potion of cure mutation {unknown}
 O - a potion of brilliance {unknown}
Books
 S - a book of Necromancy

   Spells                             Type                      Level
   a - Pain                           Necromancy                   1
   b - Animate Skeleton               Necromancy                   1
   c - Vampiric Draining              Necromancy                   3
   d - Regeneration                   Charms/Necromancy            3
   e - Animate Dead                   Necromancy                   4
   f - Control Undead                 Necromancy                   4
Comestibles
 b - 5 bread rations
 f - 6 meat rations
 r - 28 fruits
 D - a royal jelly
 F - 2 slices of pizza
 G - 3 beef jerkies
 R - 3 chunks of flesh


   Skills:
 + Level 5.9 Fighting
 + Level 5.9 Dodging
 - Level 1.7 Stealth
 * Level 10.4 Unarmed Combat


You had 8 spell levels left.
You didn't know any spells.

Dungeon Overview and Level Annotations

Branches:
Dungeon (8/15)             Temple (1/1) D:7
   Lair: D:8-11

Altars:
Ashenzari
Cheibriados
Dithmenos
Elyvilon
Fedhas
Gozag
Kikubaaqudgha
Makhleb
Nemelex Xobeh
Okawaru
Pakellas
Qazlal
Ru
Sif Muna
Trog
Vehumet
Xom
Yredelemnul
Zin
The Shining One

Annotations:
D:4 Blork the orc
D:8 Maurice


Innate Abilities, Weirdness & Mutations

You are too large for most types of armour.
You have claws for hands.
Your metabolism is lightning-fast.
You like to eat raw meat.
You heal very quickly.
You are covered in fur (AC +1).
You have very tough skin (AC +2).
Your cowardice makes you less effective in combat with threatening monsters.


Message History

Maurice steals some of your gold!
You claw Maurice!
Maurice is heavily wounded.
Maurice zaps a wand.
The bolt of acid hits you!
* * * LOW HITPOINT WARNING * * *
The acid burns!
* * * LOW HITPOINT WARNING * * *
You claw Maurice!
Maurice is severely wounded.
You miss Maurice.
Maurice is severely wounded.
Maurice hits you with a vampiric dagger.
* * * LOW HITPOINT WARNING * * *
Maurice steals some of your gold!
Maurice draws strength from your injuries!
A quokka comes into view.
You miss Maurice.
Maurice is heavily wounded.
Maurice hits you with a vampiric dagger!
You die...

..........##.###......
..#####.#.##.# ###.###
#.........##)# .
#..####......#
#..##.<..)).##
##..##.##.)#.#
....##.##..#.# .#
...........#.######...##
.........#.#....@......r
.........#.#.....@......
.........#.##...........
...##...#..########...##
..#######.## ...# ###
#.# ..# ##### #.# .#
.##.#####.# .#
...#...##.#


You could see Maurice and a quokka.

Vanquished Creatures
  The ghost of FrancescoMac the Conjurer, a novice DgCj (D:7)
  Prince Ribbit (D:6)
  Grinder (D:3)
  Sigmund (D:4)
  Menkaure (D:4)
  Duvessa (D:6)
  2 black bears
  3 centaurs
  2 giant frogs
  Dowan (D:6)
  2 scorpions
  5 killer bees (D:8)
  A crimson imp (D:8)
  2 centaur zombies (D:5)
  A giant frog zombie (D:7)
  2 orc priests
  A giant frog skeleton (D:5)
  A hound (D:8)
  Crazy Yiuf (D:7)
  4 iguanas
  7 orc wizards
  4 gnolls (D:7)
  4 adders
  2 oozes
  An adder zombie (D:8)
  An adder skeleton (D:4)
  2 worms
  4 giant geckos
  14 orcs
  9 bats
  3 giant cockroaches
  6 goblins
  7 hobgoblins
  5 jackals
  4 kobolds
  2 quokkas
  5 giant newts
  A quokka skeleton (D:4)
  6 rats
121 creatures vanquished.

Notes
Turn   | Place    | Note
--------------------------------------------------------------
     0 | D:1      | Lathuz the Troll Monk began the quest for the Orb.
     0 | D:1      | Reached XP level 1. HP: 22/22 MP: 0/0
   157 | D:1      | Reached XP level 2. HP: 29/29 MP: 1/1
  1218 | D:2      | Found a blossoming altar of Fedhas.
  1294 | D:2      | Reached XP level 3. HP: 36/36 MP: 2/2
  1756 | D:3      | Noticed Grinder
  1834 | D:3      | Paralysed by Grinder for 2 turns
  1837 | D:3      | Killed Grinder
  1837 | D:3      | Reached skill level 5 in Unarmed Combat
  1837 | D:3      | Reached XP level 4. HP: 43/45 MP: 3/3
  1837 | D:3      | Reached XP level 5. HP: 50/53 MP: 4/4
  2057 | D:3      | Reached skill level 6 in Unarmed Combat
  2288 | D:3      | Reached XP level 6. HP: 61/61 MP: 5/5
  2552 | D:4      | Noticed Menkaure
  2567 | D:4      | Killed Menkaure
  2873 | D:4      | Noticed Blork the orc
  2879 | D:4      | Found a deep blue altar of Sif Muna.
  3124 | D:4      | Reached XP level 7. HP: 46/67 MP: 6/6
  3274 | D:4      | Noticed Sigmund
  3280 | D:4      | Killed Sigmund
  3280 | D:4      | Reached skill level 7 in Unarmed Combat
  3387 | D:5      | Entered Level 5 of the Dungeon
  3832 | D:5      | Reached skill level 8 in Unarmed Combat
  3832 | D:5      | Reached XP level 8. HP: 55/79 MP: 7/7
  4174 | D:6      | Noticed Prince Ribbit
  4186 | D:6      | Killed Prince Ribbit
  4190 | D:6      | Reached skill level 5 in Dodging
  4190 | D:6      | Reached skill level 9 in Unarmed Combat
  4461 | D:6      | Noticed Duvessa
  4475 | D:6      | Killed Duvessa
  4475 | D:6      | Reached skill level 5 in Fighting
  4477 | D:6      | Noticed Dowan
  4478 | D:6      | Killed Dowan
  5079 | D:7      | Found a stormy altar of Qazlal.
  5112 | D:7      | Found a glowing golden altar of the Shining One.
  5152 | D:7      | Noticed FrancescoMac's ghost (novice DgCj)
  5162 | D:7      | Killed FrancescoMac's ghost
  5162 | D:7      | Reached XP level 9. HP: 86/88 MP: 8/8
  5312 | D:7      | Found a staircase to the Ecumenical Temple.
  5321 | Temple   | Entered the Ecumenical Temple
  5428 | Temple   | Became a worshipper of Ru the Awakened
  5430 | Temple   | Gained mutation: Your cowardice makes you less effective in combat with threatening monsters. [Ru sacrifice]
  5430 | Temple   | Reached * piety under Ru
  5633 | D:7      | Noticed Crazy Yiuf
  5637 | D:7      | Killed Crazy Yiuf
  6031 | D:7      | Reached skill level 10 in Unarmed Combat
  6542 | D:8      | Noticed Maurice
  6561 | D:8      | Slain by Maurice

Vault maps used:
D:1:      dpeg_arrival_round_a
D:2:      first_bread, fedhas_altar_fruit_tree
D:3:      uniq_grinder
D:4:      tgw_sif, uniq_sigmund, uniq_menkaure
D:6:      lemuel_ice_spiral_2, uniq_blork_the_orc, uniq_prince_ribbit1,
          uniq_duvessa
D:7:      amethyst_overflow_temple_binary, minmay_temple_entry_grid,
          uniq_crazy_yiuf_cottage
D:8:      grunt_ogre_cave, uniq_maurice
Temple:   kilobyte_greek_temple_18

Action                   |  1- 3 |  4- 6 |  7- 9 || total
-------------------------+-------+-------+-------++-------
Melee: Unarmed           |   108 |    85 |   187 ||   380
Invok: Sacrifice Courage |       |       |     1 ||     1
  Use: Scroll            |       |       |     5 ||     5
 Stab: Sleeping          |     3 |     5 |     1 ||     9
  Eat: Chunk             |    14 |    15 |    32 ||    61
       Bread ration      |     1 |       |       ||     1
